 Dungeon Crawl Stone Soup version 0.25-a0-424-g80bd347ae0 (webtiles) character file.

Game seed: 5985395067357962258, levelgen mode: deterministic

611 Kohma the Chopper (level 7, -12/62 HPs)
             Began as a Minotaur Berserker on Jan 20, 2020.
             Was a Believer of Trog.
             Mangled by a two-headed ogre
             ... wielding a +0 giant club
              (18 damage)
             ... on level 4 of the Dungeon.
             The game lasted 00:07:36 (3778 turns).

Kohma the Chopper (Minotaur Berserker)              Turns: 3778, Time: 00:07:37

Health: -12/62     AC: 11    Str: 24    XL:     7   Next: 20%
Magic:  6/6        EV:  9    Int:  4    God:    Trog [**....]
Gold:   153        SH:  0    Dex:  9    Spells: 6/6 levels left

rFire    . . .     SeeInvis .   a - +0 hand axe
rCold    . . .     Gourm    .   (no shield)
rNeg     . . .     Faith    .   w - +0 chain mail
rPois    .         Spirit   .   (helmet restricted)
rElec    .         Reflect  .   (no cloak)
rCorr    .         Harm     .   f - +0 pair of gloves
MR       ++...                  (no boots)
Stlth    ..........             (no amulet)
HPRegen  1.20/turn              (no ring)
MPRegen  0.10/turn              (no ring)

@: starving, regenerating
A: retaliatory headbutt, horns 2
a: Berserk, Trog's Hand, Renounce Religion


You were on level 4 of the Dungeon.
You worshipped Trog.
Trog was pleased with you.
You were starving.

You visited 1 branch of the dungeon, and saw 4 of its levels.

You collected 153 gold pieces.

Inventory:

Hand Weapons
 a - a +0 hand axe (weapon)
 u - a +0 morningstar of holy wrath
Missiles
 h - 135 stones
 o - 22 poisoned darts (quivered)
Armour
 f - a +0 pair of gloves (worn)
 w - a +0 chain mail (worn)
Jewellery
 v - a +3 ring of dexterity {unknown}
Scrolls
 b - 2 scrolls of magic mapping {unknown}
 e - 2 scrolls of teleportation {unknown}
 j - a scroll of amnesia {unknown}
 k - 2 scrolls of blinking {unknown}
 l - 4 scrolls of remove curse {unknown}
 m - a scroll of noise {unknown}
 r - 5 scrolls of identify {unknown}
 s - a scroll of enchant weapon {unknown}
 t - a scroll of fear {unknown}
Potions
 d - a potion of invisibility {unknown}
 g - 3 potions of lignification {unknown}
 i - a potion of degeneration {unknown}
 n - 2 potions of curing {unknown}
 p - a potion of mutation {unknown}
 q - a potion of flight {unknown}
Comestibles
 c - 11 rations


   Skills:
 + Level 5.9 Fighting
 * Level 7.5 Axes
 + Level 5.2 Armour
 - Level 2.2 Dodging


You had 6 spell levels left.
You didn't know any spells.
Your spell library was empty.

Dungeon Overview and Level Annotations

Branches:
Dungeon (4/15)
 Temple: D:4-7

Altars:
Dithmenos
Kikubaaqudgha
Makhleb
Sif Muna
Wu Jian


Innate Abilities, Weirdness & Mutations

You reflexively headbutt those who attack you in melee.
You have a pair of horns on your head.


Message History

* * * LOW HITPOINT WARNING * * *
Your chain mail prevents you from hitting the two-headed ogre.
The two-headed ogre is moderately wounded.
Okay, then.
You slash the two-headed ogre!
The two-headed ogre is moderately wounded.
The two-headed ogre hits you but does no damage. x2
You slash the two-headed ogre!
The two-headed ogre is heavily wounded.
The two-headed ogre hits you with a +0 giant club.
* * * LOW HITPOINT WARNING * * *
The two-headed ogre hits you with a +0 giant club.
* * * LOW HITPOINT WARNING * * *
You hit the two-headed ogre.
The two-headed ogre is severely wounded.
Okay, then.
You barely miss the two-headed ogre.
The two-headed ogre is severely wounded.
The two-headed ogre hits you with a +0 giant club!!
You die...

.. ).. #.# ### #.#
.. #.# #. #.#
.#####.##.#
...(((O@..#
######.##.#
....##.##.#####
.............#
..<.......##.##
#######...........
#≈≈≈.##..#####.###
##≈≈≈.#..# #
#∩_...'..###


You could see a two-headed ogre.

Vanquished Creatures
  2 ice beasts (D:3)
  A phantom (D:3)
  The ghost of burekbajo the Skirmisher, a weakling MiFi (D:4)
  A crimson imp (D:4)
  A bullfrog skeleton (D:4)
  A centaur skeleton (D:4)
  Jessica (D:3)
  Robin (D:3)
  6 adders
  An ooze (D:2)
  4 worms (D:2)
  A dart slug (D:3)
  5 leopard geckos
  2 orcs (D:3)
  2 giant cockroaches
  20 hobgoblins
  3 jackals (D:1)
  3 bats
  4 frilled lizards
  14 goblins
  A jackal skeleton (D:4)
  10 kobolds
  4 rats
89 creatures vanquished.

Notes
Turn   | Place    | Note
-------+----------+-------------------------------------------
     0 | D:1      | Kohma the Minotaur Berserker began the quest for the Orb.
     0 | D:1      | Reached XP level 1. HP: 19/19 MP: 0/0
   249 | D:1      | Reached skill level 4 in Axes
   249 | D:1      | Reached XP level 2. HP: 23/27 MP: 1/1
   592 | D:1      | Reached ** piety under Trog
   940 | D:2      | Reached XP level 3. HP: 33/33 MP: 2/2
  1220 | D:2      | You fall into a shaft and drop 2 floors!
  1349 | D:2      | Reached XP level 4. HP: 38/41 MP: 3/3
  1363 | D:2      | Reached skill level 5 in Axes
  1989 | D:3      | Found an ornate altar of the Wu Jian Council.
  2019 | D:3      | Noticed an ice beast
  2033 | D:3      | Killed an ice beast
  2033 | D:3      | Reached XP level 5. HP: 6/47 MP: 4/4
  2431 | D:3      | Reached skill level 5 in Fighting
  2431 | D:3      | Reached skill level 6 in Axes
  2471 | D:3      | Noticed Robin
  2472 | D:3      | Noticed a phantom
  2473 | D:3      | Found an ancient bone altar of Kikubaaqudgha.
  2483 | D:3      | Killed Robin
  2752 | D:3      | Killed a phantom
  2752 | D:3      | Reached XP level 6. HP: 49/56 MP: 5/5
  3051 | D:3      | Reached *** piety under Trog
  3133 | D:3      | Noticed Jessica
  3140 | D:3      | Killed Jessica
  3178 | D:3      | Found a shimmering blue altar of Sif Muna.
  3178 | D:3      | Noticed an ice beast
  3179 | D:3      | Found a shadowy altar of Dithmenos.
  3193 | D:3      | Killed an ice beast
  3193 | D:3      | Reached skill level 7 in Axes
  3656 | D:4      | Found a runed translucent gate.
  3656 | D:4      | Found a runed translucent gate.
  3656 | D:4      | Found a runed translucent gate.
  3656 | D:4      | Noticed burekbajo's ghost (weakling MiFi)
  3674 | D:4      | Killed burekbajo's ghost
  3674 | D:4      | Reached skill level 5 in Armour
  3674 | D:4      | Reached XP level 7. HP: 62/62 MP: 6/6
  3718 | D:4      | Found a burning altar of Makhleb.
  3763 | D:4      | Noticed a two-headed ogre
  3776 | D:4      | HP: 3/62 [two-headed ogre/+0 giant club (6)]
  3778 | D:4      | Mangled by a two-headed ogre

Levels and vault maps discovered:
D:1:      scummos_arrival_forest, layout_loops_ring
D:2:      layout_basic, serial_glass, glass_columns_a, glass_columns_a
D:3:      layout_loops_ring, old_standard_altar, nicolae_overflow_crystal_walls,
          grunt_temple_overflow_open, uniq_robin, uniq_jessica
D:4:      layout_loops_ring, makhleb_grotto_becter, lightli_temple_of_fire,
          ebering_ghost_rock_garden

Skill      XL: |  1  2  3  4  5  6 |
---------------+-------------------+-----
Axes           | 4 5 6 7 |  7.5
Fighting       | 4 5 |  5.9
Armour         | 3 4 5 |  5.2
Dodging        | |  2.2

Action                   |  1- 3 |  4- 6 |  7- 9 || total
-------------------------+-------+-------+-------++-------
Melee: Hand axe          |    76 |   161 |    30 ||   267
       Headbutt          |    16 |    23 |     3 ||    42
Throw: Dart              |     1 |     7 |     3 ||    11
Invok: Berserk           |       |     3 |       ||     3
       Trog's Hand       |       |       |     1 ||     1
  Eat: Chunk             |     1 |     9 |       ||    10
Armor: Animal skin       |     9 |     1 |       ||    10
       Ring mail         |       |    25 |       ||    25
       Leather armour    |       |     4 |       ||     4
       Chain mail        |       |    15 |    15 ||    30
Dodge: Dodged            |    46 |    77 |     6 ||   129

Table legend:
 A = Non-vault XP
 B = Vault XP
 C = Vault XP percentage of total XP
 D = Non-vault monster count
 E = Vault monster count
 F = Vault count percentage of total count
                 A         B        C        D         E       F
            +---------+---------+-------+---------+---------+-------
      Total |     684 |     190 |  21.7 |      74 |      15 |  16.9
            +---------+---------+-------+---------+---------+-------
        D:1 |      39 |       0 |   0.0 |      24 |       0 |   0.0
        D:2 |      83 |       0 |   0.0 |      24 |       0 |   0.0
        D:3 |     476 |      73 |  13.3 |      23 |      13 |  36.1
        D:4 |      86 |     117 |  57.6 |       3 |       2 |  40.0
            +---------+---------+-------+---------+---------+-------
